AoeStats
← 鄙人張麻子

African Clearing

505611080Analyzed
4v4 RM · 23d ago on Sep 10, 2026· 48m 54s· 8 players
Game mode
Random Map
Map size
Large (8 player)
Population
200
Speed
Normal
Resources
Standard
Victory
Conquest
Starting age
Dark Age
Ending age
Imperial Age
RankedLock teamsTeams togetherTeam positionsShared explorationLock speedFull tech treeHidden civsTurbo modeCheats
Victory
Defeat
🇨🇳 Berbers · China
1322
+14
🇨🇳 Mongols · China
1228
+18
🇮🇳 Franks · India
1192
+19
🇹🇼 Spanish · Taiwan
1183
+19
🇺🇸 Vietnamese · United States
1329
-20
🇫🇷 Huns · France
1326
-20
🇩🇪 Hindustanis · Germany
1233
-16
🇫🇷 Malians · France
1170
-14
搞就完了
3:31 Loom
13:35 Feudal Age
14:15 Horse Collar
14:54 Double-Bit Axe
15:36 Bloodlines
19:41 Scale Barding Armor
24:02 Castle Age
30:16 Ballistics
31:41 Fletching
34:54 Husbandry
36:00 Padded Archer Armor
37:36 Wheelbarrow
39:14 Bow Saw
42:30 Bodkin Arrow
44:28 Husbandry
47:10 Wheelbarrow
49:15 Hand Cart
[T41] Indian War Lord
4:04 Loom
13:12 Feudal Age
13:50 Double-Bit Axe
19:11 Castle Age
17:31 Stone Mining
25:18 Wheelbarrow
39:13 #83
39:17 Gold Mining
40:44 Gold Shaft Mining
40:29 Scale Mail Armor
44:07 Imperial Age
44:11 Elite Throwing Axeman
45:22 Chain Mail Armor
46:09 Conscription
49:34 Chemistry
48:54 Ballistics
49:46 Plate Mail Armor
825889483
5:58 Loom
13:36 Feudal Age
17:50 Castle Age
16:59 Scale Barding Armor
19:33 Bloodlines
35:57 Husbandry
37:36 Horse Collar
38:37 Chain Barding Armor
43:32 Wheelbarrow
鄙人張麻子
8:09 Loom
13:38 Feudal Age
14:38 Double-Bit Axe
15:08 Fletching
20:23 Wheelbarrow
22:07 Town Watch
26:54 Castle Age
26:23 Padded Archer Armor
26:17 Gold Mining
28:26 Bow Saw
28:47 Horse Collar
41:29 Husbandry
43:00 Hand Cart
43:58 Inquisition
44:07 Heavy Plow
44:43 Leather Archer Armor
47:31 Imperial Age
46:00 Ballistics
47:08 Town Watch
47:21 Bodkin Arrow
47:51 Bloodlines
49:00 Ring Archer Armor
alexisjcw
6:57 Loom
14:50 Feudal Age
15:41 Town Watch
19:05 Castle Age
17:02 Double-Bit Axe
18:06 Stone Mining
18:12 Gold Mining
18:59 Horse Collar
19:57 Fletching
20:24 Bow Saw
21:08 Padded Archer Armor
24:23 Bodkin Arrow
26:31 Leather Archer Armor
33:09 Ballistics
39:47 Heavy Plow
42:01 Chatras
46:32 Imperial Age
45:02 Murder Holes
44:49 Treadmill Crane
48:06 Paper Money
48:48 Bracer
49:19 Ring Archer Armor
Ikill-you2827
11:46 Loom
14:01 Feudal Age
19:28 Castle Age
18:16 Double-Bit Axe
23:57 Husbandry
24:34 Horse Collar
25:23 Bloodlines
27:52 Wheelbarrow
29:07 Fletching
29:59 Elite Skirmisher
33:07 Scale Barding Armor
33:30 Bodkin Arrow
37:32 Ballistics
38:37 Padded Archer Armor
43:28 Leather Archer Armor
43:59 Thumb Ring
Sahiro
5:58 Loom
13:47 Feudal Age
17:57 Castle Age
16:15 Double-Bit Axe
22:13 Fletching
22:23 Scale Mail Armor
23:22 Scale Barding Armor
24:26 Horse Collar
32:15 Pikeman
39:22 Bloodlines
39:13 Husbandry
44:24 Chain Barding Armor
44:20 Forging
47:28 Imperial Age
45:45 Wheelbarrow
47:38 Iron Casting
47:25 Gold Mining
47:29 Heavy Camel Rider
49:27 Plate Barding Armor
Rpt
3:36 Loom
13:53 Feudal Age
14:20 Town Watch
16:15 Fletching
44:29 Castle Age
Connection lost

Rejoining the realm…

Still unreachable

The connection could not be restored.

Session expired

The server has moved on; the page needs a fresh start.